 Dungeon Crawl Stone Soup version 0.26.1-11-gd32895ea62 (webtiles) character file.

Game seed: 8744911437869615154

5130 sankara the Cleaver (level 10, -12/86 HPs)
             Began as a Hill Orc Fighter on Apr 13, 2021.
             Was the Champion of Zin.
             Killed from afar by a wizard (36 damage)
             ... with a bolt of cold
             ... on level 9 of the Dungeon.
             The game lasted 00:27:06 (10759 turns).

sankara the Cleaver (Hill Orc Fighter)             Turns: 10759, Time: 00:27:08

Health: -12/86     AC: 19    Str: 26    XL:     10   Next: 58%
Magic:  15/15      EV: 10    Int:  8    God:    Zin [******]
Gold:   360        SH: 11    Dex: 13    Spells: 9/9 levels left

rFire    . . .     SeeInvis .   a - +0 war axe
rCold    . . .     Faith    +   c - +0 kite shield
rNeg     . . .     Spirit   .   D - +0 plate armour
rPois    .         Reflect  .   j - +0 helmet
rElec    .         Harm     .   s - +0 cloak
rCorr    .         Rampage  .   I - +1 pair of gloves
Will     .....                  f - +0 pair of boots
Stlth    ..........             t - amulet of faith
HPRegen  0.24/turn              x - +4 ring of evasion
MPRegen  0.14/turn              A - +6 ring of strength

@: no status effects
A: no striking features
a: Renounce Religion, Recite, Vitalisation, Imprison, Sanctuary, Donate Gold


You were on level 9 of the Dungeon.
You worshipped Zin.
Zin was exalted by your worship.
You visited 2 branches of the dungeon, and saw 10 of its levels.
You also visited: Sewer and Ossuary.

You collected 400 gold pieces.
You donated 40 gold pieces to Zin.

Inventory:

Hand Weapons
 a - a +0 war axe (weapon)
 y - a +0 hunting sling
 L - a +1 vorpal hand crossbow
Missiles
 e - 324 stones
 m - 140 sling bullets
 u - 15 poisoned darts
 H - a throwing net
 M - 12 boomerangs (quivered)
Armour
 c - a +0 kite shield (worn)
 f - a +0 pair of boots (worn)
 j - a +0 helmet (worn)
 s - a +0 cloak (worn)
 D - a +0 plate armour (worn)
 I - a +1 pair of gloves (worn)
Magical Staves
 J - an uncursed staff of death {unknown}
Jewellery
 g - an uncursed ring of fire
 t - an amulet of faith (around neck)
 x - a +4 ring of evasion (left hand)
 A - a +6 ring of strength (right hand)
 N - an uncursed ring of poison resistance
 P - an uncursed ring of teleportation
Wands
 G - a wand of digging (2)
 K - a wand of enslavement (8)
Scrolls
 b - 2 scrolls of blinking
 i - a scroll of enchant armour
 l - 3 scrolls of remove curse
 n - a scroll of magic mapping
 v - 2 scrolls of fog {unknown}
 w - 2 scrolls of fear {unknown}
 z - a scroll of random uselessness {unknown}
 B - a scroll of enchant weapon {unknown}
 E - 3 scrolls of vulnerability {unknown}
 O - a scroll of noise {unknown}
Potions
 d - 3 potions of might
 h - 3 potions of magic
 k - 2 potions of attraction
 o - 6 potions of heal wounds
 p - 9 potions of curing
 q - 2 potions of lignification
 r - a potion of ambrosia
 C - a potion of cancellation {unknown}
 F - a potion of resistance {unknown}


   Skills:
 - Level 7.0 Fighting
 * Level 12.0 Axes
 + Level 7.8 Armour
 + Level 1.7 Dodging
 + Level 7.8 Shields
 + Level 7.7 Invocations


You had 9 spell levels left.
You didn't know any spells.
Your spell library contained the following spells:

 Spells                   Type           Power        Failure   Level
 Confusing Touch          Hex            0%           100%        3
 Gell's Gravitas          Tloc           0%           100%        3
 Petrify                  Tmut/Erth      0%           100%        4
 Metabolic Englaciation   Hex/Ice        0%           100%        5
 Yara's Violent Unravell  Hex/Tmut       0%           100%        5


Dungeon Overview and Level Annotations

Branches:
Dungeon (9/15)             Temple (1/1) D:4           Sewer (visited)
Ossuary (visited)
   Lair: D:8-11         Orc: D:9-12

Altars:
Ashenzari
Cheibriados
Dithmenos
Elyvilon
Fedhas
Gozag
Hepliaklqana
Kikubaaqudgha
Makhleb
Nemelex Xobeh
Okawaru
Qazlal
Ru
Sif Muna
Trog
Uskayaw
Vehumet
Wu Jian
Xom
Yredelemnul
Zin
The Shining One


Message History

Something hits you.
* * * LOW HITPOINT WARNING * * *
The soldier ant barely misses you.
You barely miss the soldier ant.
The soldier ant is moderately wounded.
You closely miss something. Something hits you but does no damage.
The soldier ant barely misses you.
Unknown command.
You hit the soldier ant but do no damage.
The soldier ant is moderately wounded.
You hit something.
Something hits you but does no damage. x2
The soldier ant barely misses you.
A wizard comes into view. It is wielding a +0 dagger.
You slash the soldier ant!
The soldier ant is heavily wounded.
You hit the wizard. Something hits you but does no damage.
You block the soldier ant's attack. The wizard casts a spell at you.
The bolt of cold hits you!!!
You die...

...........#.###...##..#.........
...........#.##.....##.#.........
..........#.....###.#...........
...........#...# #.#.........
......###..##..## #.#.####....
#.### ##.##...###..#.# ....
..###.......#.. ...
#######.####### #†@B....#
#.p#####..# #.# .# #. # . .# #. #


You could see a wizard and a soldier ant.

Vanquished Creatures
  Joseph (D:9)
  2 yaks (D:9)
  A wyvern (D:8)
  An acid dragon (D:9)
  Edmund (D:6)
  A necrophage (D:7)
  An ice beast (D:5)
  2 phantoms
  A sky beast (D:8)
  4 ogres
  3 centaurs
  2 elf zombies (Ossuary)
  7 bullfrogs
  3 scorpions
  5 killer bees (D:8)
  21 wights
  4 howler monkeys
  3 centaur zombies
  3 orc priests
  Crazy Yiuf (D:2)
  6 orc wizards
  2 centaur skeletons
  3 iguanas
  3 worker ants
  A killer bee zombie (D:6)
  A big kobold zombie (Ossuary)
  A hound zombie (D:4)
  A hound skeleton (D:5)
  2 mummies (Ossuary)
  A howler monkey zombie (D:4)
  3 worker ant zombies (D:4)
  Robin (D:2)
  9 gnolls
  13 adders
  A river rat (D:6)
  2 shadow imps
  2 white imps
  An ufetubus (D:7)
  An ooze (D:1)
  4 adder skeletons
  3 adder zombies
  5 worms
  3 dart slugs
  5 leopard geckos
  25 orcs
  11 giant cockroaches
  15 goblins
  14 hobgoblins
  10 jackals
  4 quokkas
  2 ball pythons (Sewer)
  A ball python zombie (D:4)
  6 bats
  14 frilled lizards
  2 giant cockroach zombies (D:4)
  8 hobgoblin zombies (Ossuary)
  5 jackal zombies (Ossuary)
  6 kobolds
  9 kobold zombies (Ossuary)
  A leopard gecko skeleton (D:4)
  9 orc zombies (Ossuary)
  3 quokka zombies (D:4)
  9 rats
  A rat zombie (Ossuary)
296 creatures vanquished.

Vanquished Creatures (others)
  A plant (D:4)
1 creature vanquished.

Grand Total: 297 creatures vanquished

Notes
Turn   | Place    | Note
-------+----------+-------------------------------------------
     0 | D:1      | sankara the Hill Orc Fighter began the quest for the Orb.
     0 | D:1      | Reached XP level 1. HP: 19/19 MP: 1/1
   158 | D:1      | Reached skill level 3 in Axes
   202 | D:1      | Reached XP level 2. HP: 26/27 MP: 2/2
   386 | D:1      | Reached XP level 3. HP: 27/33 MP: 3/3
  1130 | D:2      | Noticed Robin
  1135 | D:2      | Reached skill level 4 in Axes
  1137 | D:2      | Reached XP level 4. HP: 36/40 MP: 4/4
  1148 | D:2      | Killed Robin
  1937 | D:2      | Reached XP level 5. HP: 47/47 MP: 5/5
  2164 | D:2      | Found a runed translucent door.
  2165 | D:2      | Noticed Crazy Yiuf
  2176 | D:2      | Killed Crazy Yiuf
  2597 | D:3      | Reached skill level 5 in Axes
  3268 | D:4      | Found a staircase to the Ecumenical Temple.
  3281 | Temple   | Entered the Ecumenical Temple
  3605 | Temple   | Became a worshipper of Zin the Law-Giver
  3605 | Temple   | Reached * piety under Zin
  3630 | D:4      | Reached XP level 6. HP: 51/55 MP: 6/6
  3731 | D:4      | Reached ** piety under Zin
  3803 | D:4      | Reached skill level 1 in Invocations
  3908 | D:4      | Noticed a phantom
  3928 | D:4      | Killed a phantom
  3929 | D:4      | Reached skill level 5 in Fighting
  3929 | D:4      | Reached skill level 6 in Axes
  4009 | D:4      | Reached *** piety under Zin
  4113 | D:4      | Found a blossoming altar of Fedhas.
  4135 | D:4      | Reached XP level 7. HP: 30/61 MP: 8/8
  4958 | D:5      | Entered Level 5 of the Dungeon
  5173 | D:5      | Reached skill level 7 in Axes
  5173 | D:5      | Reached skill level 5 in Armour
  5173 | D:5      | Reached skill level 5 in Shields
  5560 | D:5      | Reached **** piety under Zin
  5580 | D:5      | Found a glowing silver altar of Zin.
  5741 | D:5      | Reached XP level 8. HP: 70/70 MP: 10/10
  6120 | D:6      | Reached skill level 8 in Axes
  6241 | D:6      | Noticed Edmund
  6263 | D:6      | Killed Edmund
  6576 | D:6      | Found a glowing drain.
  6584 | Sewer    | Entered a sewer
  6802 | Sewer    | Reached skill level 9 in Axes
  6802 | Sewer    | Reached XP level 9. HP: 78/78 MP: 12/12
  7225 | D:6      | Found an ornate altar of the Wu Jian Council.
  7618 | D:7      | Reached skill level 5 in Invocations
  7909 | D:7      | Reached skill level 10 in Axes
  8996 | D:8      | Found a sand-covered staircase.
  9009 | D:8      | Reached skill level 11 in Axes
  9022 | Ossuary  | Entered an ossuary
  9056 | Ossuary  | Reached ***** piety under Zin
  9102 | Ossuary  | Reached XP level 10. HP: 86/86 MP: 15/15
  9361 | D:8      | Found a sparkling altar of Nemelex Xobeh.
  9642 | D:8      | Found an iron altar of Okawaru.
  9924 | D:8      | HP: 4/86 [poisoned by a killer bee]
  9930 | D:8      | HP: 4/86 [poisoned by a killer bee]
  9938 | D:8      | HP: 4/86 [poisoned by a killer bee]
 10421 | D:8      | Reached ****** piety under Zin
 10424 | D:8      | Reached skill level 1 in Dodging
 10573 | D:9      | Noticed Joseph
 10588 | D:9      | Killed Joseph
 10753 | D:9      | Reached skill level 12 in Axes
 10758 | D:9      | Noticed a wizard
 10759 | D:9      | Killed from afar by a wizard

Illustrated notes

Levels and vault maps discovered:
D:1:      dpeg_arrival_boxes_within_box, layout_basic, roderic_malta_cross
D:2:      layout_basic, uniq_crazy_yiuf_cottage, uniq_robin
D:3:      layout_basic
D:4:      layout_layer_cave, minmay_temple_entry_arrows, serial_undead,
          serial_undead_b, serial_undead_b, serial_undead_e, serial_undead_a,
          serial_undead_a, serial_undead_b, fedhas_altar_1
D:5:      layout_layer_cave, basic_altar
D:6:      layout_basic, lightli_sewer_entry_pipes, lemuel_statue_altar,
          uniq_edmund
D:7:      layout_basic, nrook_mini_backslash
D:8:      layout_basic, kennysheep_okawaru_gauntlet, enter_ossuary_1,
          nemelex_spade_bored_becter
D:9:      minmay_the_grid_net [minmay_the_grid_aliased_spiral,
          minmay_the_grid_large_cup, minmay_the_grid_holed_spiral,
          minmay_the_grid_minigrid_small_alt, minmay_the_grid_paths,
          minmay_the_grid_prize_inner_circle], layout_basic,
          david_lair_shrubbed, uniq_joseph
Temple:   regret_index_temple_sigil_plot

Skill      XL: |  1  2  3  4  5  6  7  8  9 10 |
---------------+-------------------------------+-----
Axes           | 3 4 5 6 7 9 11 12 | 12.0
Fighting       | 4 5 6 7 |  7.0
Armour         | 4 5 6 7 |  7.8
Shields        | 4 5 7 |  7.8
Invocations    | 2 3 4 6 7 |  7.7
Dodging        | 1 |  1.7

Action                   |  1- 3 |  4- 6 |  7- 9 | 10-12 || total
-------------------------+-------+-------+-------+-------++-------
Melee: War axe           |   102 |   195 |   489 |   229 ||  1015
Throw: Stone             |       |       |       |     6 ||     6
       Boomerang         |       |       |       |     4 ||     4
Invok: Recite            |       |     3 |    10 |     3 ||    16
  Use: Potion            |       |     1 |       |       ||     1
       Scroll            |       |       |     5 |     7 ||    12
 Stab: Invisible         |       |       |     7 |       ||     7
       Confused          |       |       |     1 |       ||     1
       Paralysed         |       |       |     1 |     1 ||     2
Armor: Scale mail        |    58 |    50 |       |       ||   108
       Chain mail        |       |    56 |    45 |       ||   101
       Plate armour      |       |       |   166 |    91 ||   257
Dodge: Dodged            |    41 |    60 |   130 |    75 ||   306
Block: Kite shield       |    58 |   110 |   251 |   137 ||   556
